 Dungeon Crawl Stone Soup version 0.30-a0-883-g5ad918d77d (webtiles) character file.

Game seed: 8348711687585767905

6729 jasper the Cleaver (level 11, 0/94 HPs)
             Began as a Meteoran Fighter on Mar 16, 2023.
             Was a Priest of Trog.
             Slain by a red devil
             ... wielding a +0 trident
             ... summoned by a kobold demonologist
              (7 damage)
             ... on level 9 of the Dungeon.
             The game lasted 00:17:01 (3262 turns).

jasper the Cleaver (Meteoran Fighter)               Turns: 3262, Time: 00:17:02

Health: 0/94       AC: 16    Str: 23    XL:     11   Next: 47%
Magic:  12/12      EV: 10    Int: 16    God:    Trog [***...]
Gold:   280        SH:  6    Dex: 16    Spells: 10/10 levels left

rFire   . . .      SeeInvis .    a - +1 war axe
rCold   + . .      Faith    .    c - +0 buckler
rNeg    + . .      Spirit   .    i - +0 plate armour
rPois   .          Reflect  .    n - +0 hat "Zoejess" {+Inv Int+3 Dex+3}
rElec   .          Rampage  .    k - +0 cloak
rCorr   .                        (no gloves)
Will    +++..                    l - +0 pair of boots of Liberty {rC+ rN+ Int+3} Stlth
                                 (no amulet)
HPRegen 1.35/turn                (no ring)
MPRegen 0.13/turn                (no ring)

@: mighty, strong-willed, spiked, frozen, on berserk cooldown, regenerating,
slowed, glowing, very slow
A: sense surroundings 2, otherworldly, glowing, explore regen
a: Renounce Religion, Evoke Invisibility, Berserk, Trog's Hand


You were on level 9 of the Dungeon.
You worshipped Trog.
Trog was most pleased with you.
You visited 2 branches of the dungeon, and saw 10 of its levels.
You also visited: Sewer.

You collected 280 gold pieces.

Inventory:

Hand Weapons
 a - a +1 war axe (weapon)
 r - a +4 flail
 s - the +3 mace of the Breathing Gods {heavy, rPois rC+ Stlth+}
   (You found it on level 4 of the Dungeon)

   rC:        It protects you from cold.
   rPois:     It protects you from poison.
   Stlth:     It makes you more stealthy.
Missiles
 m - 2 boomerangs (quivered)
 w - 4 poisoned darts
 D - 4 curare-tipped darts
 F - 5 silver boomerangs
Armour
 b - a +0 scale mail
 c - a +0 buckler (worn)
 f - a +2 helmet
 g - a scarf of repulsion
 h - a +0 pair of boots
 i - a +0 plate armour (worn)
 k - a +0 cloak (worn)
 l - the +0 pair of boots of Liberty (worn) {rC+ rN+ Int+3}
   (You found it on level 7 of the Dungeon)

   Int:       It affects your intelligence (+3).
   rC:        It protects you from cold.
   rN:        It protects you from negative energy.
 n - the +0 hat "Zoejess" (worn) {+Inv Int+3 Dex+3}
   (You acquired it on level 8 of the Dungeon)

   Int:       It affects your intelligence (+3).
   Dex:       It affects your dexterity (+3).
   +Inv:      It lets you turn invisible.
 y - a +0 plate armour
Jewellery
 A - a +6 ring of intelligence
Wands
 d - a wand of paralysis (5)
Scrolls
 e - a scroll of fear
 j - 3 scrolls of noise
 q - a scroll of magic mapping
 z - 2 scrolls of teleportation
 E - a scroll of enchant weapon
Potions
 o - 4 potions of curing
 p - 3 potions of mutation
 t - 4 potions of degeneration
 u - a potion of berserk rage
 v - a potion of brilliance
 B - a potion of ambrosia {unknown}
 C - 2 potions of lignification {unknown}


   Skills:
 + Level 8.1 Fighting
 * Level 11.6 Axes
 + Level 8.9 Armour
 + Level 8.0 Dodging
 + Level 8.8 Shields


You had 10 spell levels left.
You didn't know any spells.
Your spell library was empty.

Dungeon Overview and Level Annotations

Branches:
Dungeon (9/15) Zot: 2253   Temple (1/1) D:7 Zot: 597   Sewer (visited)
   Lair: D:8-11         Orc: D:9-12

Altars:
Makhleb
Okawaru
Trog

Shops:
D:7 :

Annotations:
D:3 1 runed translucent door, DiggyJ's ghost, amateur HOFi
D:9 Erolcha


Innate Abilities, Weirdness & Mutations

You passively map the area around you.
You are easily found by Zot.
You glow in the dark.
You regain HP and MP as you explore.


Message History

You feel very mighty all of a sudden.
A water moccasin comes into view.
The rime drake bites you.
* * * LOW HITPOINT WARNING * * *
You block the kobold's attack.
The kobold demonologist hits you but does no damage.
The red devil misses you. Erolcha barely misses you.
The rime drake bites you but does no damage.
You take 1 damage, and have 23/94 hp.
You barely miss the kobold demonologist.
The kobold demonologist is heavily wounded.
The water moccasin hisses angrily.
You hit the kobold.
You hit the rime drake but do no damage.
You slash Erolcha! The ice encasing you melts away.
The kobold demonologist hits you but does no damage.
The kobold closely misses you.
The red devil hits you from afar with a +0 trident!
* * * LOW HITPOINT WARNING * * *
Barbed spikes become lodged in your body.
The rime drake breathes ice at you. The icy flash freeze hits you!
You partially resist.
* * * LOW HITPOINT WARNING * * *
You are encased in ice.
You block the kobold's attack.
The kobold demonologist mumbles some strange words.
Erolcha barely misses you.
You take 18 damage, and have 5/94 hp.
You closely miss the kobold demonologist.
The kobold demonologist is heavily wounded.
You slash the kobold!
You kill the kobold!
Trog accepts your kill.
You slash the rime drake!
You kill the rime drake!
Trog accepts your kill.
You barely miss Erolcha.
The red devil hits you from afar with a +0 trident!
You die...

, , ,
####.### * ,
, ..,
..#....# ,
,,** . .#
#......# ,
### ,, , **#.
S#....... ,
... , , ,
...#.#.....
**, * ### ,
.........~##*
#. ,
#..#...Y#5.
*.., * ,
.....4)O)#
.., ,
,...4§.#@K##*
.# ,.#### ,
#.†)5###.#
#.....
#.....#..#
###### *
###...#...#*
##. ,
#.....#..##
##.. * *
#.###.....#
###... , ./.
#..###.#
#....# , , *
### #..##
#.## #.#.##
*,* #.# #..##
#.#.##


You could see Erolcha, a kobold demonologist, a red devil (summoned), a water
moccasin, an ice beast, a crimson imp (summoned) and an ufetubus (summoned).

Vanquished Creatures
  A deep elf pyromancer (D:8)
  A centaur zombie (D:7)
  4 centaur skeletons (D:7)
  A rime drake (D:9)
  Joseph (D:8)
  Maggie (D:6)
  A kobold demonologist (D:9)
  2 hellwings (D:7)
  4 wyverns
  A steam dragon (D:7)
  3 orc warriors
  4 ice beasts
  2 wolves (D:9)
  A centaur (D:9)
  An ogre (D:3)
  A phantom (D:4)
  2 kobold brigands (D:8)
  A bullfrog (D:7)
  A scorpion (D:7)
  8 wights
  6 killer bees (D:8)
  2 howler monkeys
  5 orc priests
  2 hounds
  A jelly (D:7)
  7 orc wizards
  A sleepcap (D:8)
  A gnoll bouda (D:8)
  3 iguanas
  9 gnolls
  6 adders
  7 river rats
  4 shadow imps
  A white imp (D:6)
  An ufetubus (D:5)
  2 worms (D:3)
  2 dart slugs
  31 orcs
  5 ball pythons
  3 bats
  4 endoplasms
  3 giant cockroaches
  7 hobgoblins
  5 frilled lizards
  4 goblins
  14 kobolds
  13 rats
190 creatures vanquished.

Vanquished Creatures (others)
  An orc (D:7)
  2 withered plants (D:3)
3 creatures vanquished.

Grand Total: 193 creatures vanquished

Notes
Turn   | Place    | Note
-------+----------+-------------------------------------------
     0 | D:1      | jasper the Meteoran Fighter began the quest for the Orb.
     0 | D:1      | Reached XP level 1. HP: 19/19 MP: 2/2
    66 | D:1      | Reached XP level 2. HP: 26/26 MP: 3/3
   320 | D:2      | Reached XP level 3. HP: 27/31 MP: 4/4
   351 | D:2      | Found a bloodstained altar of Trog.
   357 | D:2      | Became a worshipper of Trog the Wrathful
   394 | D:2      | Reached skill level 3 in Axes
   398 | D:2      | Reached skill level 1 in Dodging
   414 | D:2      | Reached XP level 4. HP: 5/39 MP: 5/5
   795 | D:3      | Found a runed translucent door.
   796 | D:3      | Noticed DiggyJ's ghost (amateur HOFi)
   878 | D:3      | Noticed an ogre
   882 | D:3      | Killed an ogre
   883 | D:3      | Reached skill level 4 in Axes
   883 | D:3      | Reached XP level 5. HP: 24/46 MP: 6/6
   883 | D:3      | Reached XP level 6. HP: 27/52 MP: 7/7
   929 | D:3      | Reached * piety under Trog
  1177 | D:4      | Reached skill level 5 in Axes
  1179 | D:4      | Reached XP level 7. HP: 57/59 MP: 8/8
  1184 | D:4      | Found a glowing drain.
  1191 | Sewer    | Entered a sewer
  1484 | D:4      | Reached skill level 5 in Shields
  1486 | D:4      | Reached skill level 5 in Armour
  1533 | D:4      | Reached ** piety under Trog
  1599 | D:4      | Identified the +3 mace of the Breathing Gods {heavy, rPois
                  | rC+ Stlth+}
  1782 | D:5      | Entered Level 5 of the Dungeon
  1835 | D:5      | Reached XP level 8. HP: 47/67 MP: 9/9
  2017 | D:5      | Reached skill level 6 in Axes
  2209 | D:5      | Found a burning altar of Makhleb.
  2326 | D:6      | Reached skill level 5 in Fighting
  2352 | D:6      | Noticed Maggie
  2361 | D:6      | Killed Maggie
  2362 | D:6      | Reached skill level 7 in Axes
  2372 | D:6      | You fall into a shaft and drop 1 floor!
  2373 | D:7      | Found a staircase to the Ecumenical Temple.
  2383 | Temple   | Entered the Ecumenical Temple
  2418 | D:7      | Gained mutation: You passively map the area around you.
                  | [Meteoran growth]
  2418 | D:7      | Reached XP level 9. HP: 56/75 MP: 10/10
  2419 | D:7      | Reached skill level 8 in Axes
  2419 | D:7      | Reached skill level 5 in Dodging
  2420 | D:7      | Noticed a hellwing
  2435 | D:7      | Killed a hellwing
  2441 | D:7      | Found Coyhik's Book Shoppe.
  2476 | D:7      | Reached XP level 10. HP: 33/84 MP: 11/11
  2478 | D:7      | Reached skill level 9 in Axes
  2617 | D:7      | Reached *** piety under Trog
  2634 | D:7      | Reached skill level 10 in Axes
  2650 | D:7      | Identified the +0 pair of boots of Liberty {rC+ rN+ Int+3}
  2725 | D:8      | Noticed a deep elf pyromancer
  2737 | D:8      | Killed a deep elf pyromancer
  2774 | D:8      | Identified a scroll of acquirement
  2774 | D:8      | Acquired the +0 hat "Zoejess" {+Inv Int+3 Dex+3}
  2823 | D:8      | Reached XP level 11. HP: 87/90 MP: 12/12
  3027 | D:8      | Noticed Joseph
  3047 | D:8      | Killed Joseph
  3048 | D:8      | Reached skill level 11 in Axes
  3246 | D:9      | Noticed Erolcha
  3247 | D:9      | Noticed a sixfirhy
  3262 | D:9      | Slain by a red devil

Illustrated notes

Levels and vault maps discovered:
D:1:      mrwooster_arrival_statue_3, layout_rooms,
          chequers_ecumenical_altar_island
D:2:      layout_loops_corners, basic_altar, minmay_misc_feat_enclosed,
          grunt_ministairs_6, minivault_24
D:3:      layout_basic, gammafunk_ghost_grave
D:4:      layout_layer_cave, portal_sewer_entry_e, patterned_corridor
D:5:      layout_basic, makhleb_grotto_becter, nicolae_hexahallways,
          nrook_uturn, sigmund_army
D:6:      corexii_shack_village, layout_loops_cross,
          mainiacjoe_overflow_alcove_2, lemuel_flame_loot_1, uniq_maggie
D:7:      cheibrodos_grave_circle, layout_loops_ring,
          minmay_temple_entry_stoned_glass, biasface_ghost_orc_armoury,
          serial_shops, nicolae_take_the_stairs,
          nicolae_concentric_dashed_squares_wild, st_stairs_13,
          minmay_crystal_room, minmay_bent
D:8:      layout_loops_ring, zin_academy, marbit_many_paths, serial_shops,
          nicolae_shop_window_shopping, uniq_joseph
D:9:      layout_rooms, nicolae_kikubaaqudgha_miasma_corner,
          hellmonk_lair_entry_icy, uniq_erolcha
Temple:   nicolae_temple_superstar

Skill      XL: |  1  2  3  4  5  6  7  8  9 10 11 |
---------------+----------------------------------+-----
Axes           | 3 4 5 7 8 10 11 | 11.6
Dodging        | 1 2 3 4 5 7 8 |  8.0
Armour         | 4 5 6 7 8 |  8.9
Shields        | 4 5 6 8 |  8.8
Fighting       | 4 5 6 7 8 |  8.1

Action                     |  1- 3 |  4- 6 |  7- 9 | 10-12 || total
---------------------------+-------+-------+-------+-------++-------
  Melee: War axe           |    56 |    83 |   213 |   300 ||   652
  Throw: Boomerang         |       |       |     3 |       ||     3
 Invoke: Berserk           |       |       |     2 |     4 ||     6
         Trog's Hand       |       |       |     1 |     8 ||     9
    Use: Scroll            |     3 |     5 |     4 |     6 ||    18
         Potion            |     1 |     1 |     2 |     1 ||     5
 Armour: Scale mail        |    26 |     8 |       |       ||    34
         Plate armour      |       |    37 |   226 |   220 ||   483
         Skin              |       |     3 |       |       ||     3
  Dodge: Dodged            |    19 |    17 |    73 |   109 ||   218
  Block: Buckler           |    10 |    12 |    68 |    92 ||   182

Table legend: (Time is in decaauts)
 A = Elapsed time spent in this place.
 B = Non-inter-level travel time spent in this place.
 C = Inter-level travel time spent in this place.
 D = Time resting spent in this place.
 E = Time spent auto-exploring this place.
 F = Levels seen in this place.
 G = Mean time per level.
                   A        B        C        D        E       F      G
               +--------+--------+--------+--------+--------+-----+--------+
         Total |   3458 |   3327 |    131 |     34 |    185 |  11 |  314.4 |
       Dungeon |   3145 |   3014 |    131 |     34 |    185 |   9 |  349.4 |
        Temple |      2 |      2 |      0 |      0 |      0 |   1 |    2.0 |
         Sewer |    310 |    310 |      0 |      0 |      0 |   1 |  310.0 |
               +--------+--------+--------+--------+--------+-----+--------+

Top non-repeatable levels by time:
     D:4: 573 daAuts
     D:5: 466 daAuts
     D:8: 453 daAuts
     D:2: 382 daAuts
     D:7: 352 daAuts
     D:3: 335 daAuts
   Sewer: 310 daAuts
     D:1: 305 daAuts
     D:6: 139 daAuts
     D:9: 136 daAuts
  Temple: 2 daAuts
